 Dungeon Crawl Stone Soup version 0.30-a0-272-gf98c3da03f (webtiles) character file.

Game seed: 7531749102570452398

42 Flugkiller the Sneak (level 3, -6/26 HPs)
             Began as an Octopode Delver on Oct 15, 2022.
             Mangled by an orc priest
             ... wielding a +0 falchion
              (7 damage)
             ... on level 5 of the Dungeon.
             The game lasted 00:00:27 (66 turns).

Flugkiller the Sneak (Octopode Delver)                Turns: 66, Time: 00:00:27

Health: -6/26      AC:  1    Str: 11    XL:     3   Next: 56%
Magic:  3/3        EV: 14    Int: 12    God:
Gold:   0          SH:  0    Dex: 15    Spells: 2/2 levels left

rFire   . . .      SeeInvis .    a - +0 short sword
rCold   . . .      Faith    .    (no shield)
rNeg    . . .      Spirit   .    (helmet restricted)
rPois   .          Reflect  .    (no amulet)
rElec   .          Harm     .    (no ring)
rCorr   .          Rampage  .    (no ring)
Will    .....                    (no ring)
Stlth   ++++......               (no ring)
HPRegen 0.24/turn                (no ring)
MPRegen 0.08/turn                (no ring)
                                 (no ring)
                                 (no ring)

@: hasted, very quick
A: almost no armour, amphibious, 8 rings, camouflage 1, gelatinous body 1,
(nimble swimmer 1), tentacles
a: no special abilities


You were on level 5 of the Dungeon.
You visited 1 branch of the dungeon, and saw 1 of its levels.

Inventory:

Hand Weapons
 a - a +0 short sword (weapon)
Wands
 f - a wand of digging (3)
Scrolls
 b - a scroll of fog
 c - a scroll of magic mapping
 d - a scroll of fear


   Skills:
 - Level 3.0 Fighting
 - Level 2.0 Short Blades
 + Level 3.8 Dodging
 - Level 6.6 Stealth


You had 2 spell levels left.
You didn't know any spells.
Your spell library was empty.

Dungeon Overview and Level Annotations

Branches:
Dungeon (5/15) Zot: 5939
 Temple: D:4-7

Altars:


Innate Abilities, Weirdness & Mutations

You cannot wear most types of armour.
You are amphibious.
You can wear up to eight rings at the same time.
Your skin changes colour to match your surroundings (Stealth+).
Your rubbery body absorbs attacks. (AC +1, EV +1)
((You are camouflaged when in or above water. (Stealth+)))
You have tentacles for arms and can constrict up to eight enemies at once.


Message History

Welcome, Flugkiller the Octopode Delver.
They say the Orb of Zot lies within this dungeon, but they say a lot of things.
Press ? for a list of commands and other information.
Found a stone staircase leading down.
An orc comes into view. It is wielding a +0 dagger.
Unknown command.
Unknown command.
Unknown command.
You open the door.
A jelly comes into view.
A gnoll comes into view. It is wielding a +0 club.
There is an open door here.
A gnoll and 2 orcs come into view.
An orc comes into view. It is wielding a +0 club.
The helpless jelly fails to defend itself.
You puncture the jelly!
Your tentacles burn!
You squeeze the jelly.
You kill the jelly!
Your Dodging skill increases to level 3!
You have reached level 2!
You have reached level 3!
Your experience leads to an increase in your attributes!
Increase (S)trength, (I)ntelligence, or (D)exterity?
You feel agile. x2
Unknown command.
The gnoll shouts!
You hear a shout!
The orc shouts!
An orc comes into view. It is wielding a +0 club.
The orc moves out of view.
There is an open door here.
An orc comes into view. It is wielding a +0 whip.
The orc shouts!
You hear a shout!
An orc wizard comes into view. It is wielding a +0 dagger.
The orc wizard shouts!
Found a ring mail.
An orc priest comes into view. It is wielding a +0 falchion.
The orc wizard mumbles some strange words.
The orc wizard flickers and vanishes!
Deactivating autopickup; reactivate with Ctrl-A.
An orc comes into view. It is wielding a +0 short sword.
You feel yourself speed up.
You hit the orc but do no damage. Your grab misses the orc.
You squeeze the orc.
The orc is lightly wounded.
The orc misses you.
You hit the orc. You grab the orc. You squeeze the orc.
You kill the orc!
You hit the gnoll but do no damage. You grab the gnoll.
You constrict the gnoll, but do no damage.
You hit the gnoll. You squeeze the gnoll.
The gnoll is moderately wounded.
You constrict the gnoll. The gnoll misses you.
You hit the gnoll.
The gnoll is heavily wounded.
You constrict the gnoll. You hit the gnoll.
You kill the gnoll!
You hit something. You hit something. Something hits you.
The orc priest shouts!
You hit something. Your squeeze misses something. Something hits you.
A gnoll comes into view. It is wielding a +0 club.
You closely miss the orc priest. You grab the orc priest.
You squeeze the orc priest.
The orc priest is moderately wounded.
You constrict the orc priest, but do no damage.
The orc priest barely misses you.
You hit the orc priest.
The orc priest is moderately wounded.
You constrict the orc priest. Something hits you.
The orc priest hits you with a +0 falchion!
You hit the orc priest but do no damage.
The orc priest is heavily wounded.
You constrict the orc priest.
You hit the orc priest but do no damage.
The orc priest is heavily wounded.
You constrict the orc priest. Something hits you.
The orc priest invokes the aid of Beogh against you.
Pain shoots through your body!
* * * LOW HITPOINT WARNING * * *
You hit the orc priest.
The orc priest is severely wounded.
You constrict the orc priest, but do no damage.
A scorpion comes into view.
You hit the orc priest but do no damage.
The orc priest is severely wounded.
You constrict the orc priest. Something hits you.
* * * LOW HITPOINT WARNING * * *
The orc priest hits you with a +0 falchion!
You die...

... ..so o.. #.#.# #... #.#
#.#.# #..# #.# #.#.# #..# #o#
#.#.# #..# #.#### o #.#.# #..#
#.##.## .§ #.#.# ###.o###.#.#.#
oo #.#.# #....@{og.#######≈#
###.#.######.#..###.#.#§≈≈≈≈≈#
................# #.#.#≈...##⌠.⌠
.####.######.##.....#.g.........
.# #.# #.##########≈..§##⌠.⌠ .#
#.# #.# #§≈≈≈§§# .# #.# #.#
######§# .# #.# #.# .g .# #.#
#.# ..


You could see a scorpion, an orc priest, a gnoll and an orc.

Vanquished Creatures
  A jelly (D:5)
  A gnoll (D:5)
  An orc (D:5)
3 creatures vanquished.

Notes
Turn   | Place    | Note
-------+----------+-------------------------------------------
     0 | D:5      | Flugkiller the Octopode Delver began the quest for the Orb.
     0 | D:5      | Reached XP level 1. HP: 16/16 MP: 1/1
    33 | D:5      | Noticed a jelly
    37 | D:5      | Killed a jelly
    38 | D:5      | Reached XP level 2. HP: 17/21 MP: 2/2
    38 | D:5      | Reached XP level 3. HP: 21/26 MP: 3/3
    65 | D:5      | Noticed a scorpion
    66 | D:5      | HP: 1/26 [something (3)]
    66 | D:5      | Mangled by an orc priest

Illustrated notes

Levels and vault maps discovered:
D:5:      layout_loops_ring, mainiacjoe_overflow_surrounded_room,
          kennysheep_minor_cross

Skill      XL: |  1 |
---------------+----+-----
Dodging        | 3 |  3.8
Fighting       | |  3.0
Short Blades   | |  2.0
Stealth        | |  6.6

Action                   || total
-------------------------++-------
Melee: Short sword       ||    16
       Tentacles         ||     5
       Constrict         ||     3
  Use: Potion            ||     1
 Stab: Sleeping          ||     1
Dodge: Dodged            ||     3

Table legend: (Time is in decaauts)
 A = Elapsed time spent in this place.
 B = Non-inter-level travel time spent in this place.
 C = Inter-level travel time spent in this place.
 D = Time resting spent in this place.
 E = Time spent auto-exploring this place.
 F = Levels seen in this place.
 G = Mean time per level.
                   A        B        C        D        E       F      G
               +--------+--------+--------+--------+--------+-----+--------+
         Total |     59 |     59 |      0 |      0 |      0 |   1 |   59.0 |
       Dungeon |     59 |     59 |      0 |      0 |      0 |   1 |   59.0 |
               +--------+--------+--------+--------+--------+-----+--------+

Top non-repeatable levels by time:
     D:5: 59 daAuts
